 Dungeon Crawl Stone Soup version 0.30.0-10-gfe55d96785 (webtiles) character file.

Game seed: 1444081651547432506

5299 math4jedi the Cleaver (level 10, -3/89 HPs)
             Began as a Minotaur Berserker on May 12, 2023.
             Was an Elder of Trog.
             Slain by a komodo dragon (21 damage)
             ... on level 9 of the Dungeon on May 13, 2023.
             The game lasted 00:23:13 (6870 turns).

math4jedi the Cleaver (Minotaur Berserker)          Turns: 6870, Time: 00:23:13

Health: -3/89      AC: 16    Str: 26    XL:     10   Next: 37%
Magic:  9/9        EV: 10    Int:  4    God:    Trog [****..]
Gold:   1431       SH:  0    Dex: 10    Spells: 9/9 levels left

rFire   . . .        b - +4 trident
rCold   . . .        (no shield)
rNeg    . . .        B - +0 plate armour
rPois   .            (helmet restricted)
rElec   .            e - +0 cloak
rCorr   .            (no gloves)
SInv    .            m - +0 pair of boots
Will    ++...        (no amulet) Stlth
                     (no ring)
HPRegen 1.34/turn    (no ring)
MPRegen 0.11/turn

%: no passive effects
@: strong-willed, regenerating
A: horns 2, retaliatory headbutt
a: Renounce Religion, Berserk, Trog's Hand, Brothers in Arms


You were on level 9 of the Dungeon.
You worshipped Trog.
Trog was greatly pleased with you.
You visited 1 branch of the dungeon, and saw 9 of its levels.
You also visited: Sewer and Bailey.

You collected 1431 gold pieces.

Inventory:

Hand Weapons
 a - a +0 hand axe
 b - a +4 trident (weapon)
 o - a +0 spear
 D - a +0 war axe
 P - a +3 halberd
Missiles
 E - 5 atropa-tipped darts (quivered)
 G - a throwing net
 N - 5 poisoned darts
Armour
 c - a +0 ring mail
 e - a +0 cloak (worn)
 i - a +0 chain mail
 m - a +0 pair of boots (worn)
 q - a +0 troll leather armour {Pargi}
 B - a +0 plate armour (worn)
 M - a +0 animal skin
Wands
 h - a wand of roots (8)
 r - a wand of charming (7)
 v - a wand of light (13)
 Q - a wand of flame (15)
Scrolls
 f - 2 scrolls of silence
 g - 6 scrolls of teleportation
 k - 4 scrolls of enchant armour
 s - 2 scrolls of immolation
 w - a scroll of brand weapon {unknown}
 y - 2 scrolls of magic mapping {unknown}
 z - a scroll of amnesia {unknown}
 A - 4 scrolls of fog
 I - a scroll of enchant weapon {unknown}
 J - a scroll of noise {unknown}
 K - a scroll of torment {unknown}
 O - 3 scrolls of fear {unknown}
Potions
 d - 2 potions of magic
 j - a potion of cancellation {unknown}
 l - 3 potions of mutation
 n - 3 potions of attraction {unknown}
 p - a potion of heal wounds
 t - a potion of ambrosia {unknown}
 u - 3 potions of curing
 x - a potion of brilliance {unknown}
 C - 2 potions of might
 F - a potion of invisibility
 H - a potion of haste
 L - a potion of lignification {unknown}


   Skills:
 + Level 8.3 Fighting
 - Level 10.0 Axes
 + Level 8.4 Armour
 + Level 8.3 Dodging
 * Level 5.8 Evocations


You had 9 spell levels left.
You didn't know any spells.
Your spell library was empty.

Dungeon Overview and Level Annotations

Branches:
Dungeon (9/15)             Temple (0/1) D:6            Lair (0/5) D:9
  Sewer (visited)          Bailey (visited)
    Orc: D:9-12

Altars:
Cheibriados
Elyvilon
Qazlal
Ru
Trog
Uskayaw
Yredelemnul
The Shining One

Annotations:
D:2 2 exclusions
D:3 1 runed translucent door, exclusion: door, bungle's ghost, amateur DjCj


Innate Abilities, Weirdness & Mutations

You have a pair of horns on your head.
You reflexively headbutt those who attack you in melee.


Message History

A nearby plant withers and dies.
The komodo dragon bites the plant!
A nearby plant withers and dies.
A komodo dragon is nearby!
The komodo dragon bites the plant.
The plant begins to die.
A nearby plant withers and dies.
The komodo dragon bites the plant!!
The komodo dragon bites the plant!!
A nearby plant withers and dies.
The plant is in the way.
You hit the plant.
The plant begins to die.
The plant is lightly damaged.
You barely miss the komodo dragon. Your headbutt misses the komodo dragon.
The komodo dragon bites you!
You hit the komodo dragon.
The komodo dragon is lightly wounded.
The komodo dragon bites you.
You hit the komodo dragon.
The komodo dragon is moderately wounded.
The komodo dragon bites you!
You hit the komodo dragon.
The komodo dragon is heavily wounded.
A nearby plant withers and dies.
The komodo dragon bites you!
You hit the komodo dragon.
The komodo dragon is heavily wounded.
The komodo dragon bites you!
You barely miss the komodo dragon.
You headbutt the komodo dragon, but do no damage.
The komodo dragon is heavily wounded.
The komodo dragon bites you but does no damage.
You hit the komodo dragon but do no damage.
You headbutt the komodo dragon.
The komodo dragon is severely wounded.
The komodo dragon bites you!!
* * * LOW HITPOINT WARNING * * *
You hit the komodo dragon.
The komodo dragon is severely wounded.
The komodo dragon closely misses you.
Your skin crawls.
You feel strong-willed. The komodo dragon bites you!!
You die...

......#.#############..
......#.##PPPPPPPPP####
......#.#PPPPPP...PP#
......#....PPPP.>.PP#
......#....PPP...PPP#
.............P...PPP#
........#......PP.PP# .
........##...P..l..# ..
........####....@####...
........................
..............+........(
########..##..#.........
#..######........ ...
#........ ... #........
... #........ #........


You could see a komodo dragon.

Vanquished Creatures
  A two-headed ogre (Bailey)
  Grinder (D:3)
  4 spriggans (Bailey)
  3 yaks (D:8)
  Eustachio (D:4)
  A wyvern (D:8)
  2 steam dragons
  A water moccasin (D:5)
  An orc warrior (D:8)
  Pargi (Sewer)
  A black bear (D:4)
  2 ice beasts
  6 ogres
  A centaur (D:7)
  A phantom (D:6)
  A kobold brigand (D:9)
  A gnoll sergeant (D:9)
  A necrophage (D:7)
  2 scorpions (D:7)
  A water moccasin zombie (D:7)
  5 wights
  2 howler monkeys
  2 centaur zombies (D:7)
  A crimson imp (D:3)
  5 hounds
  A jelly (D:6)
  A human zombie (D:7)
  5 orc priests
  2 iguanas
  A sleepcap (D:7)
  6 orc wizards
  2 killer bee zombies (D:7)
  3 mummies (D:7)
  8 adders
  8 gnolls
  4 white imps
  An ufetubus (D:5)
  4 worms
  4 dart slugs
  20 orcs
  9 ball pythons
  8 bats
  2 endoplasms
  4 giant cockroaches
  15 goblins
  7 hobgoblins
  2 jackals (D:3)
  12 kobolds
  6 quokkas
  3 frilled lizards
  A goblin zombie (D:3)
  A kobold zombie (D:3)
  2 orc skeletons (D:3)
  An orc zombie (D:3)
  4 rats
195 creatures vanquished.

Notes
Turn   | Place    | Note
-------+----------+-------------------------------------------
     0 | D:1      | math4jedi the Minotaur Berserker began the quest for the
                  | Orb.
     0 | D:1      | Reached XP level 1. HP: 19/19 MP: 0/0
    97 | D:1      | Reached skill level 4 in Axes
   129 | D:1      | Reached XP level 2. HP: 26/26 MP: 1/1
   607 | D:2      | Reached skill level 5 in Axes
   612 | D:2      | Reached XP level 3. HP: 31/31 MP: 2/2
   616 | D:2      | Reached ** piety under Trog
  1262 | D:2      | Reached skill level 6 in Axes
  1262 | D:2      | Reached XP level 4. HP: 40/40 MP: 3/3
  1297 | D:3      | Noticed Grinder
  1333 | D:3      | Paralysed by Grinder for 2 turns
  1341 | D:3      | Paralysed by Grinder for 2 turns
  1349 | D:3      | Killed Grinder
  1350 | D:3      | Reached XP level 5. HP: 18/47 MP: 4/4
  1350 | D:3      | Reached XP level 6. HP: 22/55 MP: 5/5
  1364 | D:3      | Noticed bungle's ghost (amateur DjCj)
  1376 | D:3      | Found a runed translucent door.
  1417 | D:3      | Found a glowing drain.
  1433 | Sewer    | Entered a sewer
  1465 | Sewer    | Noticed Pargi
  1474 | Sewer    | Killed Pargi
  1475 | Sewer    | Reached skill level 5 in Fighting
  1687 | D:3      | Reached *** piety under Trog
  1727 | D:3      | Found a glowing golden altar of the Shining One.
  2133 | D:4      | Noticed Eustachio
  2146 | D:4      | Killed Eustachio
  2147 | D:4      | Reached skill level 5 in Armour
  2147 | D:4      | Reached XP level 7. HP: 58/62 MP: 6/6
  2347 | D:4      | Reached skill level 5 in Dodging
  2870 | D:5      | Entered Level 5 of the Dungeon
  2891 | D:5      | Identified a scroll of acquirement
  2896 | D:5      | Acquired 892 gold pieces
  2925 | D:5      | Reached skill level 1 in Evocations
  2925 | D:5      | Reached XP level 8. HP: 59/70 MP: 7/7
  2999 | D:5      | Reached skill level 7 in Axes
  3136 | D:5      | Reached **** piety under Trog
  3189 | D:5      | Reached skill level 8 in Axes
  3492 | D:5      | Found a bloodstained altar of Trog.
  3647 | D:6      | Found a white marble altar of Elyvilon.
  3810 | D:6      | Found a snail-covered altar of Cheibriados.
  3912 | D:6      | Found a staircase to the Ecumenical Temple.
  4094 | D:6      | Found a sacrificial altar of Ru.
  4903 | D:7      | Reached XP level 9. HP: 78/78 MP: 8/8
  5007 | D:7      | Found a basalt altar of Yredelemnul.
  5509 | D:8      | Found a hide-covered altar of Uskayaw.
  5831 | D:8      | Found a stormy altar of Qazlal.
  6273 | D:9      | Found a flagged portal.
  6341 | Bailey   | Entered a bailey
  6356 | Bailey   | Reached skill level 9 in Axes
  6363 | Bailey   | HP: 1/81 [ogre/+3 halberd (9)]
  6370 | Bailey   | Reached skill level 5 in Evocations
  6384 | Bailey   | Reached XP level 10. HP: 30/88 MP: 9/9
  6485 | Bailey   | Noticed a two-headed ogre
  6499 | Bailey   | Killed a two-headed ogre
  6697 | Bailey   | Reached skill level 10 in Axes
  6842 | D:9      | Upgraded the game from 0.30.0-5-g1a98f26d00 to
                  | 0.30.0-10-gfe55d96785
  6846 | D:9      | Found a staircase to the Lair.
  6870 | D:9      | Slain by a komodo dragon

Illustrated notes

Levels and vault maps discovered:
D:1:      tarquinn_simple_flora_water_a, layout_rooms, minmay_small_reverse_x
D:2:      layout_basic, due_unseen_surprise
D:3:      layout_rooms, nicolae_tso_besieged_by_evil,
          hellmonk_ghost_happy_afterlife, cheibrodos_sewer_entry_sluice,
          serial_bayou_lagoon_a, uniq_grinder
D:4:      nicolae_cairo_tiling_large_dashed, layout_loops_ring,
          minmay_statues_item, kennysheep_generic_room_14, uniq_eustachio
D:5:      layout_rooms, trog_book
D:6:      layout_loops_cross, kennysheep_slug_shrine, lemuel_crystal_altar,
          elyvilon_altar_5, temple_statues
D:7:      layout_basic, lemuel_mausoleum_altar_yredelemnul, minivault_19
D:8:      layout_basic, mainiacjoe_overflow_paths,
          eat_drink_and_be_merry_uskayaw, minivault_26
D:9:      layout_gridville, nicolae_overflow_crystal_walls,
          nemelex_diamond_rough_becter, david_lair_shrubbed, enter_bailey_5

Skill      XL: |  1  2  3  4  5  6  7  8  9 10 |
---------------+-------------------------------+-----
Axes           | 4 5 6 8 9 10 | 10.0
Fighting       | 4 5 6 8 |  8.3
Armour         | 4 5 6 8 |  8.4
Dodging        | 3 4 6 8 |  8.3
Evocations     | 1 3 5 |  5.8

Action                     |  1- 3 |  4- 6 |  7- 9 | 10-12 || total
---------------------------+-------+-------+-------+-------++-------
  Melee: Hand axe          |    95 |   118 |   405 |     7 ||   625
         Headbutt          |    14 |    23 |    82 |     6 ||   125
         Punch             |       |       |     9 |       ||     9
         Spear             |       |       |    18 |    10 ||    28
         Trident           |       |       |       |    44 ||    44
  Throw: Dart              |       |       |       |     2 ||     2
 Invoke: Trog's Hand       |       |     4 |    10 |     3 ||    17
         Berserk           |       |       |     1 |       ||     1
  Evoke: Wand              |       |     1 |     3 |     7 ||    11
    Use: Potion            |       |     3 |     1 |       ||     4
         Scroll            |       |       |    10 |       ||    10
   Stab: Invisible         |       |       |       |     1 ||     1
 Armour: Ring mail         |    11 |       |       |       ||    11
         Chain mail        |    35 |    67 |   110 |       ||   212
         Plate armour      |       |       |   136 |    18 ||   154
  Dodge: Dodged            |    49 |    57 |   162 |    18 ||   286
